 Dungeon Crawl Stone Soup version 0.27-a0-1312-g5cdb2b3542 (webtiles) character file.

Game seed: 9699817729310967848

104 puppykicker the Vexing (level 4, -1/33 HPs)
             Began as a Vampire Arcane Marksman on June 19, 2021.
             Slain by a gnoll (4 damage)
             ... on level 3 of the Dungeon.
             The game lasted 00:13:06 (2304 turns).

puppykicker the Vexing (Vampire Arcane Marksman)    Turns: 2304, Time: 00:13:06

Health: -1/33      AC:  3    Str: 10    XL:     4   Next: 52%
Magic:  5/5        EV: 13    Int: 15    God:
Gold:   74         SH:  0    Dex: 20    Spells: 2/5 levels left

rFire    + . .     SeeInvis +   b - +0 mace (protect)
rCold    + . .     Faith    .   (no shield)
rNeg     . . .     Spirit   .   k - +1 robe {rC+ rF+} {rC+, rF+}
rPois    .         Reflect  .   (no helmet)
rElec    .         Harm     .   (no cloak)
rCorr    .         Rampage  .   (no gloves)
Will     .....                  (no boots)
Stlth    ++........             (no amulet)
HPRegen  0.31/turn              i - +6 ring of dexterity
MPRegen  0.09/turn              (no ring)

@: lethally poisoned (-1 -> -10), attractive, flying, healing quickly
A: alive, fangs 3, see invisible, vampiric 2
a: Exsanguinate


You were on level 3 of the Dungeon.
You visited 1 branch of the dungeon, and saw 3 of its levels.

You collected 140 gold pieces.
You spent 66 gold pieces at shops.

Inventory:

Hand Weapons
 a - a +0 hand crossbow
 b - a +0 mace of protection (weapon)
Missiles
 Q - 12 bolts
Armour
 k - a +1 robe of resistance (worn) {rC+, rF+}
Jewellery
 i - a +6 ring of dexterity (left hand)
Scrolls
 c - a scroll of identify {unknown}
 h - a scroll of amnesia {unknown}
 m - a scroll of teleportation {unknown}
Potions
 d - a potion of mutation {unknown}
 e - a potion of attraction {!q}
 f - a potion of ambrosia {unknown}
 j - a potion of might {unknown}
 l - a potion of curing {unknown}
 n - a potion of lignification {unknown}


   Skills:
 * Level 2.2 Fighting
 * Level 3.3 Crossbows
 - Level 2.1 Dodging
 + Level 0.2 Stealth
 - Level 1.0 Spellcasting
 + Level 4.4 Hexes


You had 2 spell levels left.
You knew the following spells:

 Your Spells              Type           Power      Damage    Failure   Level
a - Corona                Hex            14%        N/A       4%          1
s - Slow                  Hex            13%        N/A       6%          2

Your spell library contained the following spells:

 Spells                   Type           Power      Damage    Failure   Level
 Inner Flame              Hex/Fire       7%         N/A       30%         3
 Portal Projectile        Hex/Tloc       14%        N/A       30%         3
 Cause Fear               Hex            6%         N/A       38%         4
 Leda's Liquefaction      Hex/Erth       3%         N/A       69%         4


Dungeon Overview and Level Annotations

Branches:
Dungeon (3/15)

Altars:

Shops:
D:2 [


Innate Abilities, Weirdness & Mutations

Your natural rate of healing is accelerated.
You have razor-sharp teeth.
You have supernaturally acute eyesight. (SInv)
You are afflicted with vampirism and can become a bat while bloodless.


Message History

A rat comes into view.
Health restored: 33 You closely miss the rat.
The rat bites you but does no damage. The rat bites you.
You take 3 damage, and have 30/33 hp.
You hit the rat.
Your weapon exudes an aura of protection.
You kill the rat!
No target in view!
No target in view!
You see here a rat corpse.
There is a stone staircase leading down here.
Found a stone staircase leading up.
Health restored: 33 You see here a +0 club.
You see here a +0 club.
A gnoll is nearby!
The gnoll shouts!
The gnoll hits you from afar with a +2 spear of venom!
You take 9 damage, and have 24/33 hp.
MASSIVE DAMAGE!!
The gnoll hits you with a +2 spear of venom!
You are lethally poisoned!
You take 7 damage, and have 17/33 hp.
MASSIVE DAMAGE!!
It was a potion of attraction.
You feel attractive to monsters.
* * * LOW HITPOINT WARNING * * *
You feel very sick.
The gnoll hits you with a +2 spear of venom.
* * * LOW HITPOINT WARNING * * *
You take 10 damage, and have 7/33 hp.
MASSIVE DAMAGE!!
It was a potion of flight.
You feel very buoyant.
You fly up into the air.
* * * LOW HITPOINT WARNING * * *
You feel very sick.
The gnoll hits you with a +2 spear of venom.
You die...

##### ### ##...##
###.#### ##...g.##
g.S....#
#...@..<#######
###g#..#
#.............#
#.#..#
#.......#####.#
#.#..# ##.....##
#.#..# ##...##
#.#..#########.##
###.#......).....#
.........#########
###.......#


You could see a gnoll.

Levels and vault maps discovered:
D:1:      erik_arrival_blinker_ship, layout_basic, grunt_decor_fettered,
          serial_bayou_lake_a
D:2:      layout_basic, serial_shops, nicolae_shop_waterfront,
          chequers_mini_garden
D:3:      layout_loops_ring, tgw_xom

Notes
Turn   | Place    | Note
-------+----------+-------------------------------------------
     0 | D:1      | puppykicker the Vampire Arcane Marksman began the quest for
                  | the Orb.
     0 | D:1      | Reached XP level 1. HP: 14/14 MP: 2/2
    31 | D:1      | Identified a +0 hand crossbow
    35 | D:1      | Reached skill level 1 in Fighting
    61 | D:1      | Identified a +0 short sword
   138 | D:1      | Identified a +0 dagger
   179 | D:1      | Reached skill level 2 in Crossbows
   187 | D:1      | Reached XP level 2. HP: 12/21 MP: 3/3
   277 | D:1      | Upgraded the game from 0.27-a0-1308-gc08437e49b to
                  | 0.27-a0-1312-g5cdb2b3542
   291 | D:1      | Learned a level 2 spell: Slow
   341 | D:1      | Identified a +0 club
   349 | D:1      | HP: 2/21 [goblin (4)]
   358 | D:1      | HP: 1/21 [goblin (3)]
   485 | D:1      | Identified a +0 whip
   564 | D:1      | Identified a +0 hunting sling
   594 | D:1      | Gained mutation: You are afflicted with vampirism and can
                  | become a bat while bloodless. [Vampire growth]
   594 | D:1      | Reached XP level 3. HP: 21/26 MP: 4/4
   892 | D:1      | Identified a +0 club
   943 | D:2      | Identified a +6 ring of dexterity
  1118 | D:2      | Found Pupsir's Antique Armour Emporium.
  1130 | D:2      | Bought a runed robe for 66 gold pieces
  1130 | D:2      | Identified a +1 robe of resistance (You bought it in a shop
                  | on level 2 of the Dungeon)
  1289 | D:2      | Identified a +0 dagger
  1342 | D:2      | Identified a +0 dagger
  1358 | D:2      | Identified a +0 mace of protection
  1458 | D:2      | Reached skill level 2 in Fighting
  1458 | D:2      | Reached skill level 3 in Crossbows
  1652 | D:3      | Identified a +0 club
  1673 | D:3      | Reached XP level 4. HP: 33/33 MP: 5/5
  1697 | D:3      | Identified a +0 rapier
  1737 | D:3      | Identified a +0 flail
  1738 | D:3      | Identified a +2 spear of venom
  1738 | D:3      | Identified an amulet of reflection
  1746 | D:3      | Identified a +0 club
  1930 | D:3      | Identified a +0 club
  2303 | D:3      | Identified 2 potions of attraction
  2303 | D:3      | HP: 7/33 [gnoll (6)]
  2304 | D:3      | Identified a potion of flight
  2304 | D:3      | HP: 3/33 [poisoned by a gnoll]
  2304 | D:3      | Slain by a gnoll

Table legend: (Time is in decaauts)
 A = Elapsed time spent in this place.
 B = Non-inter-level travel time spent in this place.
 C = Inter-level travel time spent in this place.
 D = Time resting spent in this place.
 E = Time spent auto-exploring this place.
 F = Levels seen in this place.
 G = Mean time per level.
                   A        B        C        D        E       F      G
               +--------+--------+--------+--------+--------+-----+--------+
         Total |   2365 |   2316 |     49 |    364 |   1311 |   3 |  788.3 |
       Dungeon |   2365 |   2316 |     49 |    364 |   1311 |   3 |  788.3 |
               +--------+--------+--------+--------+--------+-----+--------+

Top non-repeatable levels by time:
     D:1: 961 daAuts
     D:2: 746 daAuts
     D:3: 657 daAuts

Table legend:
 A = Kills in this place as a percentage of kills in entire the game.
 B = Kills by you in this place as a percentage of kills by you in the entire game.
 C = Kills by friends in this place as a percentage of kills by friends in the entire game.
 D = Other kills in this place as a percentage of other kills in the entire game.
 E = Experience gained in this place as a percentage of experience gained in the entire game.
 F = Experience gained in this place divided by the number of levels of this place that you have seen.
                   A       B       C       D       E      F
               +-------+-------+-------+-------+-------+----------------------
         Total | 100.0 | 100.0 |   N/A |   N/A | 100.0 |  49.7
       Dungeon | 100.0 | 100.0 |   N/A |   N/A | 100.0 |  49.7
               +-------+-------+-------+-------+-------+----------------------

Skill      XL: |  1  2  3 |
---------------+----------+-----
Fighting       | 1 2 |  2.2
Crossbows      | 2 3 |  3.3
Dodging        | |  2.1
Stealth        | |  0.2
Spellcasting   | |  1.0
Hexes          | |  4.4

Action                   |  1- 3 |  4- 6 || total
-------------------------+-------+-------++-------
Melee: Short sword       |    92 |       ||    92
       Unarmed           |     5 |       ||     5
       Bite              |    10 |     3 ||    13
       Mace              |    32 |    25 ||    57
 Fire: Hand crossbow     |    41 |    16 ||    57
 Cast: Slow              |     4 |     2 ||     6
       Corona            |     1 |       ||     1
  Use: Potion            |       |     2 ||     2
 Stab: Sleeping          |     4 |       ||     4
Armor: Robe              |    41 |     7 ||    48
Dodge: Dodged            |   123 |    23 ||   146

Vanquished Creatures
  2 gnolls (D:3)
  2 adders
  A worm (D:2)
  3 dart slugs
  4 endoplasms
  5 goblins
  4 hobgoblins
  10 jackals
  2 quokkas
  7 ball pythons
  3 bats
  2 frilled lizards
  A jackal skeleton (D:3)
  2 kobolds (D:1)
  9 rats
57 creatures vanquished.

Vanquished Creatures (others)
  A plant (D:1)
1 creature vanquished.

Grand Total: 58 creatures vanquished
